[ AOE2 MATCH · #481321466 ]
1v1 RMCelts vs Bengalis
Player's team · LOSS
Rival team · WIN
[ REPLAY ANALYSIS · EXTRACTED FROM THE RECORDED GAME ]
Feudal
11:26
Castle
17:42
Imperial
—
| APM avg | 15.1 |
| APM peak | 57 |
| eAPM avg | 8.8 |
| Villagers / military | 36 / 54 |
Focus
⚔️ 33.3% · 🌾 66.7%
Woad Raider ×42 · Scorpion ×9 · Mangonel ×3
Feudal
11:49
Castle
16:17
Imperial
—
| APM avg | 42.6 |
| APM peak | 95 |
| eAPM avg | 12.5 |
| Villagers / military | 65 / 48 |
Focus
⚔️ 18.1% · 🌾 81.9%
Ratha (Ranged) ×44 · Monk ×4
Match map
Initial resources + every placement click. Lines = walls · curves = elevation contours. ◆ gold · ⬟ stone · ● berries · ✦ relic · ◌ wall gap
Your base· Open — unwalled flank
xguvnorx's base· Open — unwalled flank
Smoothed initial terrain · ◌ = detected wall gap · hover for details
Inputs per minute
— beowulf210290 - - xguvnorx
Build order — beowulf210290
129 actions detected in the replay
| 0:01 | Create | Villager (Male) |
| 0:02 | Create | Villager (Male) |
| 0:02 | Create | Villager (Male) |
| 0:02 | Create | Villager (Male) |
| 0:02 | Create | Villager (Male) |
| 0:05 | Build | House |
| 0:07 | Build | House |
| 1:31 | Create | Villager (Male) |
| 1:54 | Build | Lumber Camp |
| 2:28 | Create | Villager (Male) |
| 2:28 | Create | Villager (Male) |
| 3:16 | Create | Villager (Male) |
| 3:36 | Build | House |
| 4:44 | Create | Villager (Male) |
| 4:45 | Create | Villager (Male) |
| 4:45 | Create | Villager (Male) |
| 4:45 | Create | Villager (Male) |
| 4:46 | Create | Villager (Male) |
| 5:19 | Build | Mill |
| 5:25 | Create | Villager (Male) |
| 6:04 | Create | Villager (Male) |
| 6:21 | Create | Villager (Male) |
| 6:29 | Build | House |
| 7:44 | Create | Villager (Male) |
| 7:45 | Create | Villager (Male) |
| 8:25 | Research | Loom |
| 9:16 | Research | Feudal Age |
| 9:17 | Research | Loom |
| 9:33 | Build | Mining Camp |
| 11:02 | Build | Mining Camp |
| 11:05 | Build | Farm |
| 11:10 | Build | Farm |
| 11:14 | Build | Farm |
| 11:26 | Age | Feudal Age |
| 11:27 | Create | Villager (Male) |
| 12:06 | Build | Blacksmith |
| 12:32 | Research | Double-Bit Axe |
| 12:37 | Create | Villager (Male) |
| 13:30 | Create | Villager (Male) |
| 13:30 | Create | Villager (Male) |
| 14:14 | Build | Market |
| 14:56 | Create | Villager (Male) |
| 15:02 | Research | Castle Age |
| 15:35 | Build | Farm |
| 15:45 | Build | Farm |
| 16:56 | Build | Farm |
| 17:42 | Age | Castle Age |
| 17:52 | Build | Castle |
| 18:11 | Create | Villager (Male) |
| 18:11 | Create | Villager (Male) |
| 18:18 | Research | Town Watch |
| 18:20 | Research | Scale Mail Armor |
| 18:30 | Build | House |
| 18:31 | Build | House |
| 18:43 | Build | University |
| 18:58 | Create | Woad Raider |
| 18:59 | Create | Woad Raider |
| 18:59 | Create | Woad Raider |
| 18:59 | Create | Woad Raider |
| 19:20 | Create | Woad Raider |
| 19:20 | Create | Woad Raider |
| 19:50 | Create | Villager (Male) |
| 19:50 | Create | Villager (Male) |
| 20:28 | Create | Woad Raider |
| 20:29 | Create | Woad Raider |
| 20:49 | Create | Villager (Male) |
| 20:49 | Create | Villager (Male) |
| 21:39 | Create | Woad Raider |
| 21:39 | Create | Woad Raider |
| 21:39 | Create | Woad Raider |
| 22:14 | Create | Villager (Male) |
| 22:38 | Create | Woad Raider |
| 22:39 | Create | Woad Raider |
| 22:49 | Create | Woad Raider |
| 22:49 | Create | Woad Raider |
| 22:50 | Create | Woad Raider |
| 23:20 | Create | Woad Raider |
| 23:21 | Create | Woad Raider |
| 23:21 | Create | Woad Raider |
| 23:48 | Build | Siege Workshop |
| 24:06 | Create | Woad Raider |
| 24:07 | Create | Woad Raider |
| 24:24 | Create | Mangonel |
| 24:49 | Create | Villager (Male) |
| 24:50 | Create | Villager (Male) |
| 25:32 | Build | Farm |
| 25:36 | Build | Farm |
| 25:41 | Create | Villager (Male) |
| 25:47 | Build | Farm |
| 25:54 | Create | Mangonel |
| 26:06 | Create | Villager (Male) |
| 26:45 | Create | Woad Raider |
| 26:45 | Create | Woad Raider |
| 26:45 | Create | Woad Raider |
| 27:04 | Build | Farm |
| 27:05 | Build | Farm |
| 27:05 | Build | Farm |
| 27:05 | Build | Farm |
| 28:18 | Create | Woad Raider |
| 28:18 | Create | Woad Raider |
| 28:22 | Create | Woad Raider |
| 28:23 | Create | Woad Raider |
| 28:48 | Create | Villager (Male) |
| 29:04 | Build | Barracks |
| 29:10 | Create | Woad Raider |
| 29:11 | Create | Woad Raider |
| 29:11 | Create | Woad Raider |
| 29:24 | Create | Mangonel |
| 29:25 | Create | Scorpion |
| 29:26 | Create | Scorpion |
| 29:28 | Create | Scorpion |
| 29:55 | Create | Woad Raider |
| 29:58 | Create | Woad Raider |
| 30:35 | Build | Watch Tower |
| 31:44 | Create | Woad Raider |
| 31:45 | Create | Woad Raider |
| 31:45 | Create | Woad Raider |
| 31:45 | Create | Woad Raider |
| 32:52 | Create | Woad Raider |
| 32:52 | Create | Woad Raider |
| 32:53 | Create | Woad Raider |
| 33:29 | Create | Woad Raider |
| 33:30 | Create | Woad Raider |
| 33:51 | Create | Scorpion |
| 33:51 | Create | Scorpion |
| 33:51 | Create | Scorpion |
| 33:51 | Create | Scorpion |
| 33:52 | Create | Scorpion |
| 33:52 | Create | Scorpion |
Build order — xguvnorx
145 actions detected in the replay
| 0:01 | Create | Villager (Male) |
| 0:01 | Create | Villager (Male) |
| 0:01 | Create | Villager (Male) |
| 0:02 | Build | House |
| 0:04 | Build | House |
| 0:04 | Create | Villager (Male) |
| 0:05 | Create | Villager (Male) |
| 0:05 | Create | Villager (Male) |
| 1:39 | Create | Villager (Male) |
| 1:39 | Create | Villager (Male) |
| 1:39 | Create | Villager (Male) |
| 1:50 | Build | Lumber Camp |
| 2:15 | Create | Villager (Male) |
| 2:15 | Create | Villager (Male) |
| 2:15 | Create | Villager (Male) |
| 2:38 | Create | Villager (Male) |
| 2:38 | Create | Villager (Male) |
| 3:14 | Create | Villager (Male) |
| 3:14 | Create | Villager (Male) |
| 3:21 | Build | House |
| 3:32 | Create | Villager (Male) |
| 3:32 | Create | Villager (Male) |
| 3:32 | Create | Villager (Male) |
| 4:11 | Create | Villager (Male) |
| 4:12 | Create | Villager (Male) |
| 4:12 | Create | Villager (Male) |
| 4:52 | Create | Villager (Male) |
| 4:52 | Create | Villager (Male) |
| 5:29 | Create | Villager (Male) |
| 5:29 | Create | Villager (Male) |
| 5:30 | Create | Villager (Male) |
| 5:56 | Create | Villager (Male) |
| 5:56 | Create | Villager (Male) |
| 5:57 | Create | Villager (Male) |
| 5:57 | Create | Villager (Male) |
| 6:10 | Build | Palisade Wall |
| 6:13 | Build | House |
| 6:29 | Create | Villager (Male) |
| 6:29 | Create | Villager (Male) |
| 6:29 | Create | Villager (Male) |
| 6:45 | Create | Villager (Male) |
| 6:45 | Create | Villager (Male) |
| 6:45 | Create | Villager (Male) |
| 7:38 | Create | Villager (Male) |
| 7:38 | Create | Villager (Male) |
| 7:45 | Build | Mill |
| 8:06 | Create | Villager (Male) |
| 8:06 | Create | Villager (Male) |
| 8:08 | Create | Villager (Male) |
| 8:08 | Create | Villager (Male) |
| 8:08 | Create | Villager (Male) |
| 8:28 | Create | Villager (Male) |
| 8:57 | Build | Mining Camp |
| 9:27 | Research | Feudal Age |
| 11:07 | Build | Farm |
| 11:07 | Build | Farm |
| 11:45 | Create | Villager (Male) |
| 11:45 | Create | Villager (Male) |
| 11:49 | Age | Feudal Age |
| 11:54 | Build | Blacksmith |
| 11:57 | Build | Market |
| 12:01 | Build | House |
| 12:03 | Build | House |
| 12:14 | Build | Farm |
| 12:14 | Build | Farm |
| 12:33 | Build | House |
| 13:07 | Build | Palisade Wall |
| 13:11 | Build | Palisade Wall |
| 13:28 | Build | Farm |
| 13:37 | Research | Castle Age |
| 14:26 | Build | Farm |
| 14:38 | Build | Farm |
| 14:58 | Build | Farm |
| 16:14 | Create | Villager (Male) |
| 16:15 | Create | Villager (Male) |
| 16:17 | Age | Castle Age |
| 16:22 | Build | Castle |
| 16:30 | Build | Mining Camp |
| 16:41 | Research | Horse Collar |
| 16:42 | Research | Double-Bit Axe |
| 17:03 | Build | House |
| 17:11 | Create | Villager (Male) |
| 17:11 | Create | Villager (Male) |
| 17:37 | Research | Fletching |
| 17:38 | Research | Padded Archer Armor |
| 17:42 | Create | Ratha (Ranged) |
| 17:42 | Create | Ratha (Ranged) |
| 17:49 | Build | Monastery |
| 17:56 | Create | Villager (Male) |
| 18:25 | Research | Gold Mining |
| 18:29 | Create | Ratha (Ranged) |
| 19:25 | Create | Ratha (Ranged) |
| 19:25 | Create | Ratha (Ranged) |
| 19:43 | Create | Ratha (Ranged) |
| 19:47 | Create | Monk |
| 19:47 | Create | Monk |
| 20:18 | Create | Ratha (Ranged) |
| 20:47 | Create | Monk |
| 20:49 | Create | Ratha (Ranged) |
| 20:50 | Create | Ratha (Ranged) |
| 21:29 | Create | Villager (Male) |
| 21:29 | Create | Villager (Male) |
| 21:38 | Build | University |
| 22:14 | Create | Ratha (Ranged) |
| 22:14 | Create | Ratha (Ranged) |
| 22:15 | Create | Ratha (Ranged) |
| 22:19 | Create | Villager (Male) |
| 22:19 | Create | Villager (Male) |
| 22:19 | Create | Villager (Male) |
| 22:25 | Build | House |
| 22:37 | Research | Bodkin Arrow |
| 22:38 | Research | Leather Archer Armor |
| 24:32 | Create | Ratha (Ranged) |
| 24:32 | Create | Ratha (Ranged) |
| 24:33 | Create | Ratha (Ranged) |
| 24:35 | Create | Villager (Male) |
| 24:35 | Create | Villager (Male) |
| 24:35 | Create | Villager (Male) |
| 24:45 | Create | Ratha (Ranged) |
| 25:22 | Create | Monk |
| 25:26 | Research | Paiks |
| 25:34 | Build | Town Center |
| 25:38 | Create | Villager (Male) |
| 25:45 | Research | Ballistics |
| 26:17 | Research | Gold Shaft Mining |
| 26:41 | Create | Ratha (Ranged) |
| 26:41 | Create | Ratha (Ranged) |
| 26:52 | Build | Castle |
| 27:17 | Create | Villager (Male) |
| 27:17 | Create | Villager (Male) |
| 27:20 | Build | Farm |
| 27:44 | Research | Forging |
| 27:52 | Create | Ratha (Ranged) ×5 |
| 27:53 | Create | Ratha (Ranged) |
| 28:29 | Build | House |
| 28:51 | Create | Ratha (Ranged) ×5 |
| 28:53 | Create | Ratha (Ranged) ×5 |
| 29:16 | Build | Lumber Camp |
| 29:58 | Create | Villager (Male) |
| 29:58 | Create | Villager (Male) |
| 30:43 | Build | Outpost |
| 33:14 | Research | Imperial Age |
| 33:27 | Create | Ratha (Ranged) ×5 |
| 33:34 | Create | Ratha (Ranged) ×5 |
| 33:41 | Build | Mining Camp |
Match timeline
| 6:10 | xguvnorx · wall_segment Palisade Wall x1 |
| 11:26 | beowulf210290 · age_up feudal |
| 11:49 | xguvnorx · age_up feudal |
| 13:07 | xguvnorx · wall_segment Palisade Wall x1 |
| 13:11 | xguvnorx · wall_segment Palisade Wall x3 |
| 16:17 | xguvnorx · age_up castle |
| 16:22 | xguvnorx · first_building Castle |
| 17:34 | xguvnorx · first_market_sell 100 food |
| 17:42 | beowulf210290 · age_up castle |
| 17:49 | xguvnorx · first_building Monastery |
| 17:52 | beowulf210290 · first_building Castle |
| 21:33 | beowulf210290 · first_market_buy 100 wood |
| 23:48 | beowulf210290 · first_building Siege Workshop |
| 29:04 | beowulf210290 · first_building Barracks |
| 29:11 | xguvnorx · first_market_buy 100 wood |
| 34:02 | beowulf210290 · resign |
[ AI ANALYSIS · 1 CREDIT ]
What really happened in this match?
Wolo.gg analyzes every decision: build order, eco, micro, common mistakes by bracket. Personalized analysis on WhatsApp or Discord in 30 seconds.
Civ guide
Celts
Map guide
Arabia
Perfil
Jugador #24924120